 Dungeon Crawl Stone Soup version 0.27-a0-334-g52645efa06 (webtiles) character file.

Game seed: 17553030956089951034

571 gimp the Skirmisher (level 7, -7/35 HPs)
             Began as a Felid Warper on Feb 13, 2021.
             Mangled by an orc warrior
             ... wielding a +0 flail
              (15 damage)
             ... on level 6 of the Dungeon.
             The game lasted 00:18:27 (7279 turns).

gimp the Skirmisher (Felid Warper)                  Turns: 7279, Time: 00:18:28

Health: -7/35      AC:  6    Str:  8    XL:     7   Next: 12%
Magic:  11/11      EV: 20    Int: 15    God:
Gold:   297        SH:  0    Dex: 16    Spells: 1/10 levels left
                                        Lives:  0   Deaths: 2

rFire    . . .     SeeInvis +     - Unarmed
rCold    . . .     Faith    .   (shield unavailable)
rNeg     . . .     Spirit   .   (armour unavailable)
rPois    .         Reflect  .   (helmet unavailable)
rElec    .         Harm     .   (cloak unavailable)
rCorr    .         Rampage  .   (gloves unavailable)
Will     +....                  (boots unavailable)
Stlth    ++........             (no amulet)
HPRegen  0.11/turn              c - +4 ring of protection
MPRegen  0.12/turn              (no ring)

@: quick
A: very small, no armour, no weapons or thrown items, stealth, claws 1, fangs 3,
see invisible, speed 1, shaggy fur 2, sharp paws
a: no special abilities


You were on level 6 of the Dungeon.
You visited 1 branch of the dungeon, and saw 6 of its levels.

You collected 297 gold pieces.

Inventory:

Jewellery
 c - a +4 ring of protection (left paw)
Wands
 a - a wand of iceblast (8)
 f - a wand of polymorph (2)
 m - a wand of random effects (8)
 o - a wand of digging (6)
Scrolls
 b - a scroll of blinking
 e - a scroll of teleportation
 l - 2 scrolls of magic mapping
Potions
 g - a potion of haste
 k - a potion of might
 n - 2 potions of flight
 q - 3 potions of attraction


   Skills:
 + Level 6.9 Fighting
 - Level 5.3 Dodging
 - Level 6.1 Unarmed Combat
 - Level 2.0 Spellcasting
 - Level 4.4 Translocations


You had one spell level left.
You knew the following spells:

 Your Spells              Type           Power        Failure   Level
a - Blink                 Tloc           N/A          5%          2
b - Lesser Beckoning      Tloc           7%           11%         3
c - Passage of Golubria   Tloc           N/A          36%         4

Your spell library contained the following spells:

 Spells                   Type           Power        Failure   Level
 Corona                   Hex            1%           22%         1
 Gell's Gravitas          Tloc           7%           11%         3
 Teleport Other           Tloc           14%          11%         3
 Ensorcelled Hibernation  Hex/Ice        2%           32%         2
 Confusing Touch          Hex            1%           54%         3
 Dazzling Flash           Conj/Hex       2%           54%         3
 Tukima's Dance           Hex            1%           54%         3


Dungeon Overview and Level Annotations

Branches:
Dungeon (6/15)
 Temple: D:4-7

Altars:
Ashenzari
Elyvilon
Nemelex Xobeh
Okawaru
Qazlal
Ru
Vehumet

Annotations:
D:4 Dowan, Duvessa


Innate Abilities, Weirdness & Mutations

You cannot wear armour.
You are incapable of wielding weapons or throwing items.
Your paws allow you to move quietly. (Stealth)
You have sharp claws.
You have razor-sharp teeth.
You have supernaturally acute eyesight. (SInv)
You cover ground quickly.
You are covered in thick fur. (AC +2)
Your sharp claws are effective at attacking unaware monsters.


Message History

You closely miss the orc warrior.
The orc warrior is lightly wounded.
The orc warrior misses you.
You scratch the orc warrior but do no damage.
The orc warrior is lightly wounded.
The orc warrior misses you.
You scratch the orc warrior.
The orc warrior is lightly wounded.
You closely miss the orc warrior.
The orc warrior is lightly wounded.
The orc warrior hits you with a +0 flail!
* * * LOW HITPOINT WARNING * * *
The orc wizard casts a spell at itself.
The orc wizard flickers and vanishes for a moment.
You take 10 damage, and have 7/35 hp.
MASSIVE DAMAGE!!
You closely miss the orc warrior. You bite the orc warrior.
The orc warrior is lightly wounded.
The orc warrior closely misses you.
You scratch the orc warrior.
The orc warrior is lightly wounded.
The orc warrior barely misses you.
You scratch the orc warrior.
The orc warrior is moderately wounded.
You scratch the orc warrior but do no damage.
You bite the orc warrior, but do no damage.
The orc warrior is moderately wounded.
The orc warrior closely misses you.
You scratch the orc warrior.
The orc warrior is moderately wounded.
The orc priest calls upon Beogh to heal the orc warrior.
The orc warrior completely misses you.
You barely miss the orc warrior.
The orc warrior is moderately wounded.
The orc warrior closely misses you.
You barely miss the orc warrior.
The orc warrior is moderately wounded.
You scratch the orc warrior.
The orc warrior is heavily wounded.
The orc warrior hits you with a +0 flail!
You die...

###########
###
#....@oooo#
##.##
#.#######[#
##...###.# #.#
#####.....##.#
#.#
.............#
#..).....#
#######.######
#.##o###.# #.#
#


oo. #.# #.# ##'## #.. You could see an orc warrior, an orc priest, an orc wizard
(invisible) and an orc.

Vanquished Creatures
  Edmund (D:4)
  2 ogres (D:5)
  A phantom (D:5)
  2 scorpions (D:5)
  2 howler monkeys
  A quasit (D:5)
  A bullfrog zombie (D:6)
  A bullfrog skeleton (D:4)
  A jelly (D:5)
  Crazy Yiuf (D:3)
  An orc priest (D:5)
  Ijyb (D:3)
  An iguana (D:5)
  An orc wizard (D:4)
  2 worker ants (D:4)
  A hound skeleton (D:5)
  8 adders
  2 shadow imps (D:5)
  A white imp (D:5)
  An ufetubus (D:5)
  2 oozes
  An adder skeleton (D:5)
  3 worms
  3 dart slugs
  A leopard gecko (D:3)
  6 orcs
  9 giant cockroaches
  9 goblins
  9 hobgoblins
  5 jackals
  A ball python (D:3)
  7 bats
  9 frilled lizards
  2 jackal zombies
  6 kobolds
  A quokka skeleton (D:4)
  8 rats
114 creatures vanquished.

Notes
Turn   | Place    | Note
-------+----------+-------------------------------------------
     0 | D:1      | gimp the Felid Warper began the quest for the Orb.
     0 | D:1      | Reached XP level 1. HP: 9/9 MP: 4/4
   203 | D:1      | Reached XP level 2. HP: 3/13 MP: 6/6
  1111 | D:1      | Reached XP level 3. HP: 16/16 MP: 7/7
  1114 | D:1      | Learned a level 2 spell: Blink
  1118 | D:1      | Learned a level 3 spell: Lesser Beckoning
  1385 | D:2      | Found a faded altar of an unknown god.
  1703 | D:2      | Found a sparkling altar of Nemelex Xobeh.
  1741 | D:2      | Reached XP level 4. HP: 18/20 MP: 8/8
  2271 | D:3      | HP: 1/21 [poisoned by an adder]
  2273 | D:3      | Succumbed to an adder's poison
  2274 | D:3      | Reached XP level 3. HP: 0/17 MP: 7/7
  2473 | D:3      | Found a broken altar of Ashenzari.
  2555 | D:3      | Noticed Ijyb
  2579 | D:3      | Killed Ijyb
  2580 | D:3      | Reached XP level 4. HP: 12/21 MP: 8/8
  3080 | D:3      | Found a runed translucent door.
  3081 | D:3      | Noticed Crazy Yiuf
  3093 | D:3      | Killed Crazy Yiuf
  3143 | D:4      | Reached skill level 5 in Unarmed Combat
  3143 | D:4      | Reached XP level 5. HP: 16/24 MP: 9/9
  3339 | D:4      | Found a radiant altar of Vehumet.
  3343 | D:4      | Found a white marble altar of Elyvilon.
  3589 | D:4      | Noticed Dowan
  3590 | D:4      | Noticed Duvessa
  3612 | D:5      | Entered Level 5 of the Dungeon
  4011 | D:5      | Noticed a phantom
  4023 | D:5      | Killed a phantom
  4024 | D:5      | Reached skill level 5 in Dodging
  4024 | D:5      | Gained mutation: You are covered in thick fur. (AC +2)
                  | [Felid growth]
  4024 | D:5      | Reached XP level 6. HP: 28/28 MP: 10/10
  4416 | D:5      | Found a sacrificial altar of Ru.
  4610 | D:4      | Noticed Edmund
  4618 | D:4      | Killed Edmund
  4619 | D:4      | Reached XP level 7. HP: 28/32 MP: 11/11
  4682 | D:4      | Found a stormy altar of Qazlal.
  4767 | D:4      | Learned a level 4 spell: Passage of Golubria
  5904 | D:5      | Reached skill level 5 in Fighting
  6666 | D:5      | HP: 1/35 [poisoned by a scorpion]
  6671 | D:5      | HP: 1/35 [poisoned by a scorpion]
  6676 | D:5      | Succumbed to a scorpion's poison
  6677 | D:5      | Reached XP level 6. HP: 0/31 MP: 10/10
  6974 | D:6      | Reached XP level 7. HP: 35/35 MP: 11/11
  7202 | D:6      | Found an iron altar of Okawaru.
  7279 | D:6      | Mangled by an orc warrior

Illustrated notes

Levels and vault maps discovered:
D:1:      heliophobic_arrival_enchanted_forest, layout_basic
D:2:      layout_loops_ring, nemelex_xobeh_ov_fountains_minmay,
          chequers_ecumenical_altar_island, minmay_strange_pillars,
          guppyfry_early_lair_pool
D:3:      layout_loops_ring, ashenzari_altar_1, uniq_crazy_yiuf_cottage,
          uniq_ijyb
D:4:      layout_loops_ring, nicolae_overflow_crystal_walls, minitemple,
          uniq_edmund, uniq_duvessa
D:5:      layout_basic, old_standard_altar
D:6:      cheibrodos_barr_body, layout_loops_corners, zin_scriptorium,
          okawaru_metal_pillars_3, serial_shops, shop_fountains,
          chequers_serial_rivers_micro_d, uniq_sigmund

Skill      XL: |  1  2  3  4  5  6  7 |
---------------+----------------------+-----
Unarmed Combat | 3 5 6 |  6.1
Fighting       | 3 4 6 |  6.9
Dodging        | 4 5 |  5.3
Spellcasting   | |  2.0
Translocations | |  4.4

Action                   |  1- 3 |  4- 6 |  7- 9 || total
-------------------------+-------+-------+-------++-------
Melee: Unarmed           |   174 |   169 |   146 ||   489
       Bite              |     9 |    18 |    11 ||    38
       Punch             |     1 |     3 |     6 ||    10
 Cast: Blink             |       |       |     1 ||     1
Evoke: Wand              |       |    11 |     4 ||    15
  Use: Potion            |       |     5 |     1 ||     6
       Scroll            |       |     8 |     2 ||    10
 Stab: Sleeping          |     3 |     6 |     1 ||    10
       Petrifying        |       |     2 |       ||     2
       Petrified         |       |     2 |       ||     2
Armor: Skin              |    21 |    22 |    13 ||    56
Dodge: Dodged            |   120 |   111 |    97 ||   328

Table legend: (Time is in decaauts)
 A = Elapsed time spent in this place.
 B = Non-inter-level travel time spent in this place.
 C = Inter-level travel time spent in this place.
 D = Time resting spent in this place.
 E = Time spent auto-exploring this place.
 F = Levels seen in this place.
 G = Mean time per level.
                   A        B        C        D        E       F      G
               +--------+--------+--------+--------+--------+-----+--------+
         Total |   6499 |   6383 |    116 |    361 |   4762 |   6 | 1083.2 |
       Dungeon |   6499 |   6383 |    116 |    361 |   4762 |   6 | 1083.2 |
               +--------+--------+--------+--------+--------+-----+--------+

Top non-repeatable levels by time:
     D:5: 1864 daAuts
     D:4: 1434 daAuts
     D:1: 1248 daAuts
     D:3: 916 daAuts
     D:2: 771 daAuts
     D:6: 263 daAuts
